 Dungeon Crawl Stone Soup version 0.29.1-13-g9f3cf754e1 (webtiles) character file.

Game seed: 222334747333457585

64509 MacCMillion the Nimble (level 15, -3/111 HPs)
             Began as an Octopode Summoner on Feb 8, 2023.
             Was an Initiate of Gozag.
             Killed by divine providence
             ... invoked by an orc high priest
              (13 damage)
             ... on level 2 of the Orcish Mines.
             The game lasted 01:26:07 (28459 turns).

MacCMillion the Nimble (Octopode Summoner)         Turns: 28459, Time: 01:26:07

Health: -3/111     AC:  1    Str: 13    XL:     15   Next: 13%
Magic:  12/29      EV: 22    Int: 27    God:    Gozag
Gold:   3507       SH:  0    Dex: 18    Spells: 19/34 levels left

rFire   + . .      SeeInvis .   l - staff of air
rCold   x . .      Faith    .   (no shield)
rNeg    + . .      Spirit   .   (helmet restricted)
rPois   .          Reflect  .   G - amulet of magic regeneration
rElec   +          Harm     .   v - +6 ring of strength
rCorr   .          Rampage  .   w - ring of positive energy
Will    ++...                   K - ring of willpower
Stlth   ++++......              S - ring of Givug {AC+4 Int+2 Dex+5}
HPRegen 0.28/turn               H - ring of fire
MPRegen 0.61/turn               (no ring)
                                (no ring)
                                (no ring)

@: corroded, gold aura
A: almost no armour, amphibious, 8 rings, camouflage 1, gelatinous body 1,
(nimble swimmer 1), tentacles
a: Renounce Religion, Potion Petition, Call Merchant, Bribe Branch


You were on level 2 of the Orcish Mines.
You worshipped Gozag.
Gozag was most pleased with you.
You visited 4 branches of the dungeon, and saw 20 of its levels.
You also visited: Sewer.

You collected 6222 gold pieces.
You spent 682 gold pieces at shops.
You paid 2033 gold pieces to Gozag.

Inventory:

Hand Weapons
 y - a +4 dagger
Missiles
 P - 3 throwing nets
Armour
 C - the +3 hat of Pondering {ponderous, Will+ MP+10 Int+5}
   (You found it on level 8 of the Dungeon)

   Int:       It affects your intelligence (+5).
   MP:        It affects your magic capacity (+10).
   Will:      It increases your willpower.
Magical Staves
 l - a staff of air (weapon)
Jewellery
 v - a +6 ring of strength (left tentacle)
 w - a ring of positive energy (right tentacle)
 E - an amulet of the acrobat
 G - an amulet of magic regeneration (around mantle)
 H - a ring of fire (on tentacle)
 J - an amulet of reflection
 K - a ring of willpower (on tentacle)
 S - the ring of Givug (on tentacle) {AC+4 Int+2 Dex+5}
   (You found it on level 3 of the Lair of Beasts)

   [ring of protection]

   AC:        It affects your AC (+4).
   Int:       It affects your intelligence (+2).
   Dex:       It affects your dexterity (+5).
 T - a ring of ice
 V - a ring of fire
 W - a ring of flight
Wands
 e - a wand of polymorph (16)
 p - a wand of mindburst (14)
 s - a wand of iceblast (12)
 B - a wand of flame (15)
 N - a wand of digging (6)
 O - a wand of light (5)
Scrolls
 b - 5 scrolls of amnesia
 c - 3 scrolls of fear
 f - 3 scrolls of blinking
 h - 2 scrolls of noise
 i - 6 scrolls of vulnerability
 j - 2 scrolls of summoning
 k - 2 scrolls of fog
 m - 3 scrolls of silence
 o - 4 scrolls of enchant armour
 q - 2 scrolls of teleportation
 F - 2 scrolls of enchant weapon
 I - 3 scrolls of poison
 L - 6 scrolls of identify
 M - 2 scrolls of magic mapping
 R - 2 scrolls of immolation
Potions
 a - 3 potions of magic
 g - 11 potions of curing
 n - 2 potions of degeneration
 r - 5 potions of haste
 t - 2 potions of attraction
 u - 4 potions of cancellation
 x - 2 potions of flight
 z - 2 potions of invisibility
 A - a potion of might
 D - 4 potions of brilliance
 Q - 2 potions of heal wounds
 U - a potion of lignification {unknown}
 X - a potion of resistance {unknown}
 Y - 2 potions of ambrosia {unknown}
Miscellaneous
 d - a box of beasts


   Skills:
 - Level 13.3 Fighting
 - Level 13.6 Dodging
 - Level 5.0 Stealth
 - Level 10.0 Spellcasting
 - Level 3.0 Hexes
 - Level 10.4 Summonings
 + Level 8.9 Transmutations
 - Level 2.6 Ice Magic
 - Level 7.0 Air Magic


You had 19 spell levels left.
You knew the following spells:

 Your Spells              Type           Power      Damage    Failure   Level
a - Summon Small Mammal   Summ           100%       N/A       1%          1
b - Call Canine Familiar  Summ           62%        N/A       1%          3
c - Summon Guardian Gole  Hex/Summ       49%        N/A       1%          3
d - Summon Lightning Spi  Summ/Air       74%        N/A       1%          4
e - Summon Ice Beast      Ice/Summ       48%        N/A       3%          4

Your spell library contained the following spells:

 Spells                   Type           Power      Damage    Failure   Level
 Beastly Appendage        Tmut           100%       N/A       1%          1
 Call Imp                 Summ           62%        N/A       1%          2
 Passwall                 Tmut/Erth      30%        N/A       1%          2
 Poisonous Vapours        Pois/Air       96%        N/A       1%          2
 Wereblood                Tmut           58%        N/A       1%          2
 Spider Form              Tmut/Pois      37%        N/A       1%          3
 Tukima's Dance           Hex            29%        N/A       3%          3
 Blade Hands              Tmut           29%        N/A       3%          5
 Apportation              Tloc           26%        N/A       4%          1
 Necrotise                Necr           52%        1d6       4%          1
 Sandblast                Erth           26%        2d8       4%          1
 Frozen Ramparts          Ice            54%        1d9       4%          3
 Ice Form                 Ice/Tmut       44%        N/A       4%          4
 Sublimation of Blood     Necr           13%        N/A       6%          2
 Dazzling Flash           Conj/Hex       42%        N/A       7%          3
 Portal Projectile        Hex/Tloc       42%        N/A       7%          3
 Petrify                  Tmut/Erth      37%        N/A       7%          4
 Stone Arrow              Conj/Erth      26%        3d8       13%         3
 Silence                  Hex/Air        28%        N/A       16%         5
 Irradiate                Conj/Tmut      18%        3d17      19%         5
 Fulminant Prism          Conj/Hex       10%        3d9       22%         4
 Metabolic Englaciation   Hex/Ice        14%        N/A       36%         5
 Iskenderun's Mystic Bla  Conj/Tloc      13%        2d5       38%         4
 Statue Form              Tmut/Erth      24%        N/A       71%         6
 Agony                    Necr           13%        N/A       75%         5
 Lee's Rapid Deconstruct  Erth           6%         3d7*      75%         5
 Corpse Rot               Necr/Pois/Air  Unusable   N/A       N/A         4

Dungeon Overview and Level Annotations

Branches:
Dungeon (12/15)            Temple (1/1) D:4            Lair (5/5) D:11
 Shoals (0/4) Lair:3        Snake (0/4) Lair:2        Slime (0/5) Lair:5
    Orc (2/2) D:10            Elf (0/3) Orc:2         Sewer (visited)

Altars:
Ashenzari
Cheibriados
Dithmenos
Elyvilon
Fedhas
Gozag
Hepliaklqana
Makhleb
Nemelex Xobeh
Okawaru
Qazlal
Ru
Sif Muna
Trog
Uskayaw
Vehumet
Wu Jian
Xom
Yredelemnul
Zin
The Shining One
Jiyva

Shops:
D:9 ?*=   D:11 (   Orc:1 *   Lair:1 !   Lair:2 =*

Annotations:
D:3 1 runed translucent door, Crazy Yiuf
D:4 exclusions: 2 orc priests and orc wizard
D:5 2 runed translucent doors, exclusion: killer bee, LFb77KmH's ghost, amateur HuBr
D:6 4 exclusions
Lair:5 1 runed translucent door
Orc:2 Saint Roka


Innate Abilities, Weirdness & Mutations

You cannot wear most types of armour.
You are amphibious.
You can wear up to eight rings at the same time.
Your skin changes colour to match your surroundings (Stealth+).
Your rubbery body absorbs attacks. (AC +1, EV +1)
((You are camouflaged when in or above water. (Stealth+)))
You have tentacles for arms and can constrict up to eight enemies at once.


Message History

Your wolf bites the orc high priest!
The rust devil attacks as you move away!
The rust devil hits you!
* * * LOW HITPOINT WARNING * * *
The rust devil corrodes you!
Saint Roka is no longer distracted by gold.
Your wolf bites the orc high priest.
Saint Roka calls down the wrath of Beogh upon you.
Beogh smites you!
* * * LOW HITPOINT WARNING * * *
The orc high priest is engulfed in blazing flames.
Unknown command.
Unknown command.
Okay, then.
Blink to where?
Press: ? - help, Dir - move target An orc warrior comes into view.
It is wielding a +0 battleaxe.
As you read the scroll of blinking, it crumbles to dust.
Your wolf barely misses the orc high priest.
Your wolf closely misses the orc high priest.
Saint Roka is distracted by your dazzling golden aura.
The orc high priest hits your wolf with a +0 scimitar.
Your wolf dies!
Your wolf's corpse disappears in a puff of smoke!
The orc warrior is distracted by your dazzling golden aura.
Casting: Summon Ice Beast (mildly dangerous; 3% risk of failure)
Confirm with . or Enter, or press ? or * to list all spells.
You feel a surge of power!
An electric hum fills the air.
The orc warrior shouts!
Saint Roka shouts!
The orc high priest is distracted by your dazzling golden aura.
Casting: Summon Lightning Spire (mildly dangerous; 1% risk of failure)
Confirm with . or Enter, or press ? or * to list all spells.
A guardian golem appears, shielding your allies.
The orc high priest shouts!
The orc warrior is no longer distracted by gold.
The orc high priest is no longer distracted by gold.
The orc high priest invokes the aid of Beogh against you.
Beogh smites you!
You die...
Your body crumbles into a pile of gold.

.. ...............# .
............§..#...##
.
..........$.§4§$...##
.
........$...§.o.....#
.
..........$$§○$<$...#
..........$...o§.#8##
.......8...$.)......#
.....9.....$..$.§§§##
.......@$.$$$......#
$
.o.................##
........$...........#
..........$$........#
...........$$......##
............$$......#
..#.#..#...........##
....................#
...............#


You could see Saint Roka, an orc high priest (strong, ally target), a rust devil
(summoned), an orc warrior (ally target), a friendly guardian golem (summoned)
and a friendly lightning spire (summoned, sheltered).

Vanquished Creatures
  A blink frog (Lair:4)
  A raiju (Lair:5)
  A polar bear (Lair:5)
  A yak (D:11)
  A water moccasin (Lair:3)
  A shadow imp (Sewer)
  An ufetubus (D:6)
  2 orcs
  A goblin (D:2)
  A kobold (Sewer)
  2 bats (D:1)
13 creatures vanquished.

Vanquished Creatures (collateral kills)
  Jorgrun (Orc:1)
  A dire elephant (Lair:5)
  4 hydras
  2 catoblepae (Lair:5)
  2 two-headed ogres
  A centaur warrior (D:8)
  3 death yaks (Lair:2)
  An anaconda (Lair:5)
  2 orc high priests (Orc:2)
  Pikel (D:8)
  2 cyclopes
  An orc sorcerer (Orc:2)
  A manticore (Lair:5)
  12 elephants
  4 black mambas
  A merfolk siren (Lair:3)
  2 torpor snails
  11 cane toads
  3 komodo dragons
  6 rime drakes
  A troll (D:9)
  3 merfolk (Lair:3)
  2 hornets (Lair:2)
  11 blink frogs
  6 polar bears (Lair:5)
  Grinder (Sewer)
  A shadow (D:10)
  A vampire (D:9)
  A wraith (D:11)
  8 wyverns
  39 yaks
  2 steam dragons
  3 basilisks
  6 wargs
  An acid dragon (D:10)
  13 hell hounds (Lair:5)
  11 water moccasins
  13 orc warriors
  A sky beast (D:7)
  11 black bears
  10 ogres
  17 wolves (Lair:5)
  5 centaurs
  2 phantoms
  4 kobold brigands
  11 bullfrogs
  3 scorpions
  3 gnoll sergeants
  4 necrophages
  12 wights
  8 killer bees
  A howler monkey (D:8)
  4 hounds
  13 orc priests
  Natasha (thrice) (D:3)
  3 gnoll boudas
  13 orc wizards
  4 hell rats (Lair:1)
  18 gnolls
  19 adders
  5 shadow imps
  2 nameless horrors
  An ufetubus (Sewer)
  A worm (D:4)
  A dart slug (D:3)
  42 orcs
  A bat zombie (Sewer)
  4 endoplasms
  5 giant cockroaches
  4 goblins
  3 hobgoblins
  31 kobolds
  3 quokkas
  5 ball pythons
  6 bats
  A frilled lizard (D:1)
  2 kobold zombies (Sewer)
  6 rats
476 creatures vanquished.

Vanquished Creatures (others)
  Gastronok (D:8)
  4 hydras
  A boulder beetle (Lair:3)
  A two-headed ogre (D:9)
  2 death yaks (Lair:2)
  A sea snake (shapeshifter) (D:9)
  A lindwurm (Lair:5)
  2 orc sorcerers (Orc:2)
  A manticore (Lair:5)
  A wolf spider (Lair:2)
  2 elephants (Lair:2)
  A black mamba (Lair:2)
  A torpor snail (Lair:5)
  2 cane toads
  A komodo dragon (D:11)
  4 trolls
  A hornet (D:5)
  2 polar bears (Lair:5)
  A raiju (Lair:5)
  5 yaks
  A basilisk (Lair:1)
  A steam dragon (D:8)
  A warg (Lair:5)
  3 water moccasins
  2 orc warriors
  A black bear (Lair:5)
  An ogre (Orc:2)
  3 centaurs (D:11)
  2 wolves (Lair:5)
  2 wights
  3 hell rats (Lair:1)
  An adder (Lair:2)
  2 orcs
  65 fungi
  142 plants
265 creatures vanquished.

Grand Total: 754 creatures vanquished

Notes
Turn   | Place    | Note
-------+----------+-------------------------------------------
     0 | D:1      | MacCMillion the Octopode Summoner began the quest for the
                  | Orb.
     0 | D:1      | Reached XP level 1. HP: 11/11 MP: 3/3
   295 | D:1      | Reached XP level 2. HP: 17/17 MP: 1/5
   764 | D:1      | Identified the +6 long sword "Cawuthro" {speed, rF+ Int-4
                  | Dex+4}
  1231 | D:2      | Reached XP level 3. HP: 21/21 MP: 2/6
  1235 | D:2      | Learned a level 3 spell: Call Canine Familiar
  2092 | D:3      | Noticed Natasha
  2105 | D:3      | Killed Natasha
  2106 | D:3      | Reached skill level 5 in Summonings
  2106 | D:3      | Reached XP level 4. HP: 27/27 MP: 4/8
  2110 | D:3      | Learned a level 3 spell: Summon Guardian Golem
  2339 | D:3      | Noticed Natasha
  2351 | D:3      | Killed Natasha
  2660 | D:3      | Noticed Natasha
  2670 | D:3      | Killed Natasha
  2671 | D:3      | Reached XP level 5. HP: 25/31 MP: 4/9
  2972 | D:3      | Found a runed translucent door.
  2973 | D:3      | Noticed Crazy Yiuf
  3060 | D:4      | Reached skill level 1 in Hexes
  3688 | D:4      | Found a staircase to the Ecumenical Temple.
  3697 | Temple   | Entered the Ecumenical Temple
  3725 | Temple   | Became a worshipper of Gozag Ym Sagoz the Greedy
  3952 | D:5      | Entered Level 5 of the Dungeon
  4118 | D:5      | Reached XP level 6. HP: 36/36 MP: 4/11
  4429 | D:5      | Noticed a hornet
  4440 | D:5      | Killed a hornet
  4441 | D:5      | Reached XP level 7. HP: 41/41 MP: 6/12
  4954 | D:5      | Found a runed translucent door.
  4961 | D:5      | Noticed LFb77KmH's ghost (amateur HuBr)
  5363 | D:5      | Found a runed translucent door.
  5452 | D:5      | Found a snail-covered altar of Cheibriados.
  5452 | D:5      | Found a basalt altar of Yredelemnul.
  5454 | D:5      | Found a sacrificial altar of Ru.
  5669 | D:6      | Reached XP level 8. HP: 46/46 MP: 7/15
  5753 | D:6      | Found a glowing drain.
  5763 | Sewer    | Entered a sewer
  6089 | Sewer    | Found an ancient bone altar of Kikubaaqudgha.
  6284 | Sewer    | Reached skill level 1 in Air Magic
  6389 | Sewer    | Reached skill level 1 in Fighting
  6560 | Sewer    | Noticed Grinder
  6577 | Sewer    | Killed Grinder
  6578 | Sewer    | Reached skill level 5 in Spellcasting
  7740 | D:6      | Reached XP level 9. HP: 55/55 MP: 14/17
 10660 | D:8      | Noticed Gastronok
 10716 | D:8      | Reached skill level 5 in Air Magic
 11053 | D:8      | Noticed Pikel
 11072 | D:8      | Killed Pikel
 11073 | D:8      | Reached XP level 10. HP: 64/64 MP: 10/19
 11140 | D:7      | Learned a level 4 spell: Summon Lightning Spire
 11149 | D:8      | Reached skill level 5 in Dodging
 11524 | D:8      | Killed Gastronok
 11835 | D:9      | Found Yzaghogu's Assorted Antiques.
 12069 | D:9      | Noticed a two-headed ogre
 12087 | D:9      | Killed a two-headed ogre
 12088 | D:9      | Reached skill level 5 in Fighting
 12102 | D:9      | Noticed a centaur warrior
 12779 | D:8      | HP: 2/66 [centaur warrior (3)]
 12780 | D:8      | Killed a centaur warrior
 13655 | D:9      | Bought a scroll of identify for 62 gold pieces
 13655 | D:9      | Bought a scroll of identify for 62 gold pieces
 13709 | D:9      | You fall into a shaft and drop 3 floors!
 13822 | D:10     | Entered Level 10 of the Dungeon
 13835 | D:10     | Found a hazy altar of Hepliaklqana.
 13860 | D:10     | Reached XP level 11. HP: 72/72 MP: 11/21
 13925 | D:10     | Found a glowing golden altar of the Shining One.
 13931 | D:10     | Found a glowing silver altar of Zin.
 13932 | D:10     | Found a broken altar of Ashenzari.
 13991 | D:9      | Found Mopsit's Jewellery Emporium.
 14002 | D:9      | Bought an amulet of magic regeneration for 510 gold pieces
 14025 | D:9      | Reached skill level 5 in Stealth
 14063 | D:9      | Reached skill level 10 in Summonings
 14192 | D:9      | Found Ythy's Magic Scroll Emporium.
 14199 | D:9      | Bought a scroll of identify for 24 gold pieces
 14199 | D:9      | Bought a scroll of identify for 24 gold pieces
 14411 | D:9      | Noticed an eight-headed hydra
 14440 | D:9      | Noticed a two-headed ogre
 14449 | D:9      | Killed an eight-headed hydra
 14505 | D:9      | Noticed a cyclops
 14511 | D:9      | Killed a cyclops
 14513 | D:9      | Noticed an orb spider
 14515 | D:9      | Noticed an anaconda
 14515 | D:9      | an orb spider changed into an anaconda
 14524 | D:9      | Noticed an orb spider
 14524 | D:9      | an anaconda changed into an orb spider
 14526 | D:9      | Noticed a moth of wrath
 14526 | D:9      | an orb spider changed into a moth of wrath
 14531 | D:9      | Noticed an orb spider
 14531 | D:9      | a moth of wrath changed into an orb spider
 14536 | D:9      | Noticed a sea snake
 14536 | D:9      | an orb spider changed into a sea snake
 14543 | D:9      | Killed a sea snake
 14635 | D:9      | Killed a two-headed ogre
 15470 | D:10     | Found a staircase to the Orcish Mines.
 15644 | D:10     | Found a bloodstained altar of Trog.
 16204 | D:11     | Found Zimeud's Antique Weapon Shop.
 16339 | D:11     | Found a staircase to the Lair.
 16455 | D:11     | Reached XP level 12. HP: 69/82 MP: 18/24
 16860 | Lair:1   | Entered Level 1 of the Lair of Beasts
 17109 | Lair:1   | Noticed an eight-headed hydra
 17114 | Lair:1   | Killed an eight-headed hydra
 18256 | Lair:2   | Noticed a five-headed hydra
 18266 | Lair:2   | Killed a five-headed hydra
 18397 | Lair:2   | Reached skill level 10 in Spellcasting
 18414 | Lair:2   | Found a staircase to the Snake Pit.
 18423 | Lair:2   | Reached skill level 10 in Dodging
 18473 | Lair:2   | Reached skill level 10 in Fighting
 18486 | Lair:2   | Reached XP level 13. HP: 67/92 MP: 27/27
 19855 | Lair:2   | Found an iron altar of Okawaru.
 21009 | Lair:3   | Identified the ring of Givug {AC+4 Int+2 Dex+5}
 21341 | Lair:3   | Found a staircase to the Shoals.
 22887 | Lair:4   | Reached XP level 14. HP: 104/104 MP: 21/28
 23370 | Lair:5   | Entered Level 5 of the Lair of Beasts
 24460 | Lair:5   | Learned a level 4 spell: Summon Ice Beast
 24889 | Lair:5   | Reached skill level 1 in Ice Magic
 25978 | Lair:5   | Reached skill level 1 in Transmutations
 26754 | Lair:5   | Noticed a dire elephant
 26770 | Lair:5   | Killed a dire elephant
 26771 | Lair:5   | Reached skill level 5 in Transmutations
 27122 | Lair:5   | Found a runed translucent door.
 27123 | Lair:5   | Found a viscous altar of Jiyva.
 27123 | Lair:5   | Noticed an acid blob
 27124 | Lair:5   | Noticed an acid blob
 27125 | Lair:5   | Found a staircase to the Slime Pits.
 27125 | Lair:5   | Noticed an acid blob
 27399 | Orc:1    | Entered Level 1 of the Orcish Mines
 27516 | Orc:1    | Found Bost's Gadget Gallery.
 27768 | Orc:2    | Entered Level 2 of the Orcish Mines
 27923 | Orc:2    | Noticed Saint Roka
 27948 | Orc:1    | Noticed Jorgrun
 27962 | Orc:1    | Killed Jorgrun
 27963 | Orc:1    | Reached XP level 15. HP: 107/111 MP: 11/29
 28351 | Orc:2    | Found a staircase to the Elven Halls.
 28459 | Orc:2    | Killed from afar by an orc high priest

Illustrated notes

Levels and vault maps discovered:
D:1:      giann_horns, layout_basic, minivault_5
D:2:      layout_basic, kennysheep_generic_room_7
D:3:      layout_loops_ring, hex_large, uniq_crazy_yiuf_cottage, uniq_natasha
D:4:      layout_loops_ring, temple_fountains
D:5:      layout_loops_ring, minitemple, ebering_ghost_sewer_f
D:6:      layout_loops_ring, portal_sewer_entry_d, serial_bayou_lagoon_b
D:7:      layout_loops_ring
D:8:      layout_rooms, uniq_gastronok, uniq_pikel
D:9:      layout_cave_pools, serial_shops, shop_fountains, shop, shop,
          evilmike_minifort
D:10:     layout_small_grid, gammafunk_temple_overflow_forgotten,
          mainiacjoe_overflow_catwalk_spiral, minmay_orc_entry_temple_small
D:11:     layout_long_grid, grunt_lair_entry_orc_guard_hut, serial_shops, shop
D:12:     layout_gridville, uniq_erolcha
Temple:   eino_temple_lava
Lair:1:   layout_chaotic_city, grunt_megastairs_2
Lair:2:   minmay_lair_venomous_thicket, layout_gridlike,
          guppyfry_snake_entry_island, basic_altar, cheibrodos_lair_reptile_den,
          lemuel_fruit_fields
Lair:3:   layout_long_grid, elwin_shoals_entry_stream, st_stairs_6
Lair:4:   layout_hall_layers
Lair:5:   hangedman_lair_caniforms_friends, layout_cave_pods,
          hangedman_lair_in_review, slime_entry_2, serial_bayou_shore_b
Orc:1:    layout_caves, nicolae_shop_gadgets, uniq_jorgrun
Orc:2:    st_orc_mages, layout_caves, basic_altar, uniq_saint_roka

Skill      XL: |  1  2  3  4  5  6  7  8  9 10 11 12 13 14 15 |
---------------+----------------------------------------------+-----
Summonings     | 5 6 7 8 9 10 | 10.4
Spellcasting   | 3 4 5 6 7 8 10 | 10.0
Hexes          | 1 2 3 |  3.0
Air Magic      | 2 5 7 |  7.0
Fighting       | 2 4 5 7 10 12 13 | 13.3
Dodging        | 3 4 6 8 10 12 13 | 13.6
Stealth        | 3 5 |  5.0
Ice Magic      | 2 |  2.6
Transmutations | 7 8 |  8.9

Action                   |  1- 3 |  4- 6 |  7- 9 | 10-12 | 13-15 || total
-------------------------+-------+-------+-------+-------+-------++-------
Melee: Unarmed           |     2 |       |       |       |       ||     2
       Constrict         |     3 |       |     3 |     1 |     9 ||    16
       Tentacles         |     2 |       |     1 |     4 |    15 ||    22
       Dagger            |     4 |       |     2 |     2 |       ||     8
       Short sword       |       |       |     8 |       |       ||     8
       Staff             |       |       |       |     9 |    45 ||    54
       Punch             |       |       |       |       |     1 ||     1
 Cast: Summon Small Mamm |    57 |    22 |    17 |     2 |       ||    98
       Call Canine Famil |     1 |    14 |    60 |    61 |    93 ||   229
       Summon Guardian G |       |     1 |    41 |    65 |    82 ||   189
       Summon Lightning  |       |       |       |    68 |   117 ||   185
       Summon Ice Beast  |       |       |       |       |    19 ||    19
Invok: Call Merchant     |       |       |       |     2 |     1 ||     3
  Use: Scroll            |       |       |    15 |    11 |     4 ||    30
       Potion            |       |       |     1 |     2 |       ||     3
 Stab: Distracted        |       |       |       |       |     2 ||     2
Armor: Skin              |     2 |       |     2 |     9 |    14 ||    27
Dodge: Dodged            |    11 |     4 |    39 |    59 |   146 ||   259
